 Dungeon Crawl Stone Soup version 0.23.0 (webtiles) character file.

Game seed: 9717753050665941957

5033 Kairos the Cleaver (level 10, -9/53 HPs)
             Began as a Vine Stalker Fighter on Feb 10, 2019.
             Was a High Priest of Okawaru.
             Mangled by a two-headed ogre
             ... wielding a +0 giant club
              (21 damage)
             ... on level 9 of the Dungeon.
             The game lasted 00:17:04 (6974 turns).

Kairos the Cleaver (Vine Stalker Fighter)           Turns: 6974, Time: 00:17:05

Health: -9/53      AC: 13    Str: 21    XL:     10   Next: 55%
Magic:  0/11       EV: 11    Int:  8    God:    Okawaru [*****.]
Gold:   480        SH: 13    Dex: 18    Spells: 9/9 levels left

rFire    + . .     SeeInvis .   B - +2 war axe (flame)
rCold    . . .     Gourm    .   c - +0 shield
rNeg     . . .     Faith    +   L - +1 chain mail {rF+}
rPois    +         Spirit   +   (no helmet)
rElec    .         Reflect  .   (no cloak)
rCorr    .         Harm     .   (no gloves)
MR       +....                  (no boots)
Stlth    +.........             r - amulet of faith
HPRegen  0.57/turn              y - +3 ring of dexterity
MPRegen  0.12/turn              E - ring of poison resistance

@: heroism
A: fangs 3, regeneration 1, magic shield, antimagic bite, no potion heal 3, rot
immunity
a: Heroism, Finesse, Renounce Religion


You were on level 9 of the Dungeon.
You worshipped Okawaru.
Okawaru was extremely pleased with you.
You were not hungry.

You visited 1 branch of the dungeon, and saw 9 of its levels.
You also visited: Sewer.

You collected 480 gold pieces.

Inventory:

Hand Weapons
 a - a +0 war axe
 s - a +5 flail
 B - a +2 war axe of flaming (weapon)
 M - the +3 rapier of Recklessness {freeze, rF++}
   (You found it on level 8 of the Dungeon)

   It has been specially enchanted to freeze those struck by it, causing extra
   injury to most foes and up to half again as much damage against particularly
   susceptible opponents.
   It can also slow down cold-blooded creatures.
   It greatly protects you from fire.
Armour
 c - a +0 shield (worn)
 q - a +0 chain mail
 L - a +1 chain mail of fire resistance (worn)
Jewellery
 r - an amulet of faith (around neck)
 y - a +3 ring of dexterity (left hand)
 C - an uncursed ring of flight
 E - a ring of poison resistance (right hand)
 K - an uncursed ring of see invisible
Wands
 m - a wand of digging (10)
 p - a wand of random effects (31)
 u - a wand of paralysis (13)
 G - a wand of iceblast (8)
 H - a wand of scattershot (4)
Scrolls
 e - 4 scrolls of fog
 h - 8 scrolls of teleportation
 j - a scroll of magic mapping
 o - 2 scrolls of fear
 t - 2 scrolls of amnesia
 A - 3 scrolls of enchant armour {unknown}
 D - a scroll of remove curse
 F - 2 scrolls of blinking {unknown}
 J - a scroll of identify
Potions
 b - 3 potions of lignification {unknown}
 d - a potion of might
 g - a potion of ambrosia
 i - a potion of magic {unknown}
 k - 2 potions of haste {unknown}
 l - 4 potions of degeneration {unknown}
 n - 7 potions of curing {unknown}
 v - 2 potions of agility {unknown}
 w - a potion of invisibility {unknown}
 x - a potion of heal wounds {unknown}
 z - 3 potions of brilliance {unknown}
 I - a potion of mutation {unknown}
 O - a potion of berserk rage {unknown}
Comestibles
 f - 12 rations
 N - 5 chunks of flesh


   Skills:
 + Level 5.7(10.7) Fighting
 + Level 9.7(14.9) Axes
 + Level 3.1(11.9) Maces & Flails
 + Level 6.0(11.0) Armour
 + Level 1.8(6.8) Dodging
 + Level 2.2(7.2) Stealth
 + Level 5.4(10.4) Shields
 + Level 0.2 Invocations
 + Level 0.5 Evocations


You had 9 spell levels left.
You didn't know any spells.
Your spell library contained the following spells:

 Spells                   Type           Power        Failure   Level  Hunger
 Confusing Touch          Hex            #.....       99%         1    ##.....
 Magic Dart               Conj           #...         99%         1    ##.....
 Blink                    Tloc           N/A          100%        2    ###....
 Call Imp                 Summ           #.......     100%        2    ###....
 Slow                     Hex            #.......     100%        2    ###....
 Confuse                  Hex            #.......     100%        3    ####...
 Conjure Flame            Conj/Fire      #.......     100%        3    ####...
 Gell's Gravitas          Tloc           #.........   100%        3    ####...
 Mephitic Cloud           Conj/Pois/Air  #.......     100%        3    ####...
 Petrify                  Tmut/Erth      #.......     100%        4    #####..
 Metabolic Englaciation   Hex/Ice        #.........   100%        5    ######.
 Yara's Violent Unravell  Hex/Tmut       #.........   100%        5    ######.


Dungeon Overview and Level Annotations

Branches:
Dungeon (9/15)             Temple (0/1) D:5
   Lair: D:8-11         Orc: D:9-12

Altars:
Elyvilon
Fedhas
Makhleb
Nemelex Xobeh
Okawaru
Ru
Xom
The Shining One

Shops:
D:6 *


Innate Abilities, Weirdness & Mutations

You have razor-sharp teeth.
Your natural rate of healing is unusually fast.
When hurt, damage is shared between your health and your magic reserves.
Your bite disrupts and absorbs the magic of your enemies.
Potions cannot restore your health.
You are immune to rotting.


Message History

h - 8 scrolls of teleportation (gained 1)
O - a fuming dark potion As you open the door, it creaks loudly!
There is an open door here.
A two-headed ogre comes into view. It is wielding two +0 giant clubs.
The two-headed ogre shouts in stereo!
The two-headed ogre hits you but does no damage.
The two-headed ogre hits you with a +0 giant club!
You slash the two-headed ogre! You burn the two-headed ogre.
Your bite misses the two-headed ogre.
The two-headed ogre is lightly wounded.
The two-headed ogre hits you with a +0 giant club!! x2
* * * LOW HITPOINT WARNING * * *
You are too injured to fight recklessly!
You are too injured to fight recklessly!
Unknown command.
You gain the combat prowess of a mighty hero.
You block the two-headed ogre's attack.
The two-headed ogre hits you with a +0 giant club!!
You die...

#### ... ..# ...
############## #.#
....>........# #.#
##...#.....#.# #O#
##...#.....#.# #@#
.'...+.....+.# #.#
##...#..<..#####.####
####......'........#
#......#####.##.....
#......# #.# ####
#...^..# #.# #.#...##
#.# #.#....# #.#


You could see a two-headed ogre.

Vanquished Creatures
  2 two-headed ogres (D:9)
  A kobold demonologist (D:8)
  A hippogriff (D:7)
  Eustachio (D:5)
  A hungry ghost (D:9)
  A water moccasin (D:9)
  2 ice beasts
  2 ogres
  2 sky beasts
  A wolf (D:6)
  2 big kobolds
  4 bullfrogs
  A gnoll sergeant (D:6)
  A water moccasin zombie (D:7)
  A scorpion (D:8)
  A jelly (D:5)
  A centaur zombie (D:8)
  3 orc priests
  7 hounds
  2 centaur skeletons
  6 orc wizards
  3 gnoll shamans (D:6)
  Ijyb (D:3)
  3 bullfrog skeletons
  3 iguanas
  15 worker ants
  A hound zombie (D:7)
  A hound skeleton (D:4)
  A howler monkey zombie (D:7)
  A worker ant zombie (D:8)
  13 gnolls
  19 adders
  5 river rats
  A shadow imp (D:5)
  3 oozes
  5 adder skeletons
  6 worms
  3 dart slugs
  4 leopard geckos
  15 orcs
  9 bats
  6 giant cockroaches
  8 goblins
  11 hobgoblins
  14 jackals
  2 quokkas
  7 ball pythons
  10 frilled lizards
  7 kobolds
  A leopard gecko skeleton (D:4)
  19 rats
240 creatures vanquished.

Notes
Turn   | Place    | Note
-------+----------+-------------------------------------------
     0 | D:1      | Kairos the Vine Stalker Fighter began the quest for the
                  | Orb.
     0 | D:1      | Reached XP level 1. HP: 11/11 MP: 2/2
    84 | D:1      | Reached XP level 2. HP: 11/16 MP: 1/3
   224 | D:1      | Reached skill level 2 in Axes
   283 | D:1      | Reached XP level 3. HP: 19/20 MP: 4/4
   742 | D:2      | Gained mutation: Your natural rate of healing is unusually
                  | fast. [Vine Stalker growth]
   742 | D:2      | Reached XP level 4. HP: 24/24 MP: 3/5
   920 | D:2      | You fall through a shaft!
   942 | D:3      | Found a sacrificial altar of Ru.
  1060 | D:3      | Found a glowing drain.
  1082 | D:3      | Reached XP level 5. HP: 5/28 MP: 1/6
  1083 | D:3      | HP: 1/28 [river rat (6)]
  1084 | D:3      | Reached skill level 3 in Axes
  1143 | Sewer    | Entered a sewer
  2119 | D:3      | Noticed Ijyb
  2136 | D:3      | Killed Ijyb
  2247 | D:3      | Reached XP level 6. HP: 29/32 MP: 7/7
  2338 | D:3      | Reached skill level 4 in Axes
  2461 | D:3      | Found an iron altar of Okawaru.
  2476 | D:3      | Became a worshipper of Warmaster Okawaru
  3071 | D:4      | Found a shimmering altar of Xom.
  3075 | D:4      | Found a blossoming altar of Fedhas.
  3124 | D:4      | Reached XP level 7. HP: 34/36 MP: 8/8
  3225 | D:4      | Reached skill level 1 in Maces & Flails
  3467 | D:5      | Entered Level 5 of the Dungeon
  3475 | D:5      | Reached * piety under Okawaru
  3514 | D:5      | Found a staircase to the Ecumenical Temple.
  3670 | D:5      | Gained mutation: You have razor-sharp teeth. [Vine Stalker
                  | growth]
  3670 | D:5      | Reached XP level 8. HP: 36/42 MP: 7/9
  3686 | D:5      | Reached skill level 5 in Axes
  3703 | D:5      | Reached skill level 1 in Dodging
  3739 | D:5      | Reached ** piety under Okawaru
  3856 | D:5      | Noticed Eustachio
  3871 | D:5      | Killed Eustachio
  4155 | D:5      | Found a glowing golden altar of the Shining One.
  4332 | D:6      | Found Lepunim's General Store.
  4519 | D:6      | Found a white marble altar of Elyvilon.
  4570 | D:6      | Reached skill level 6 in Axes
  4981 | D:7      | Reached XP level 9. HP: 43/46 MP: 10/10
  5043 | D:7      | Reached *** piety under Okawaru
  5043 | D:7      | Reached skill level 5 in Armour
  5201 | D:6      | Reached skill level 7 in Axes
  5428 | D:7      | Found a burning altar of Makhleb.
  5454 | D:7      | Reached skill level 8 in Axes
  5766 | D:8      | Reached **** piety under Okawaru
  5809 | D:8      | Reached skill level 5 in Fighting
  6084 | D:8      | Found a sparkling altar of Nemelex Xobeh.
  6095 | D:8      | Noticed a kobold demonologist
  6103 | D:8      | Noticed a red devil
  6108 | D:8      | Killed a kobold demonologist
  6108 | D:8      | Reached skill level 5 in Shields
  6329 | D:8      | Got a crystal rapier
  6379 | D:9      | Noticed a two-headed ogre
  6385 | D:9      | Killed a two-headed ogre
  6385 | D:9      | Reached skill level 9 in Axes
  6385 | D:9      | Reached XP level 10. HP: 43/51 MP: 8/11
  6402 | D:9      | Identified the +3 rapier of Recklessness {freeze, rF++}
                  | (You found it on level 8 of the Dungeon)
  6669 | D:9      | Noticed a two-headed ogre
  6686 | D:9      | Killed a two-headed ogre
  6686 | D:9      | Reached ***** piety under Okawaru
  6771 | D:9      | Received a gift from Okawaru
  6969 | D:9      | Noticed a two-headed ogre
  6974 | D:9      | Mangled by a two-headed ogre

Skill      XL: |  1  2  3  4  5  6  7  8  9 10 |
---------------+-------------------------------+-----
Axes           | 2 3 4 6 9 |  9.7
Fighting       | 3 4 5 |  5.7
Shields        | 3 4 5 |  5.4
Armour         | 3 4 5 6 |  6.0
Maces & Flails | 2 3 |  3.1
Dodging        | 1 |  1.8
Stealth        | 2 |  2.2
Invocations    | |  0.2
Evocations     | |  0.5

Action                   |  1- 3 |  4- 6 |  7- 9 | 10-12 || total
-------------------------+-------+-------+-------+-------++-------
Melee: War axe           |    82 |   210 |   244 |    44 ||   580
       Bite              |    17 |    56 |   104 |    16 ||   193
       Flail             |       |     9 |    59 |       ||    68
Invok: Heroism           |       |       |     1 |     2 ||     3
Evoke: Wand              |       |       |     3 |       ||     3
  Use: Scroll            |     1 |     7 |     3 |       ||    11
       Potion            |       |     1 |       |       ||     1
  Eat: Chunk             |       |     7 |     8 |     1 ||    16
       Ration            |       |       |     1 |     1 ||     2
Armor: Scale mail        |    41 |    58 |       |       ||    99
       Chain mail        |       |    35 |   109 |    12 ||   156
Dodge: Dodged            |    33 |    67 |    59 |    15 ||   174
Block: Shield            |    50 |   123 |   135 |    18 ||   326
